 Dungeon Crawl Stone Soup version 0.20-a0-1103-g26be02c (webtiles) character file.

122723 Firecrotchwizard the Severer (level 16, -2/147 HPs)
             Began as a Minotaur Berserker on May 5, 2017.
             Was the Champion of Trog.
             Slain by a tyrant leech (19 damage)
             ... on level 4 of the Swamp.
             The game lasted 01:10:48 (25927 turns).

Firecrotchwizard the Severer (Minotaur Berserker)  Turns: 25927, Time: 01:10:49

Health: -2/147     AC: 29    Str: 22    XL:     16   Next: 35%
Magic:  20/20      EV: 12    Int:  4    God:    Trog [******]
Gold:   3016       SH: 21    Dex: 17    Spells: 15/15 levels left

rFire    + . .     SeeInvis .   G - +9 broad axe (elec)
rCold    + + .     Gourm    +   Q - +2 large shield {rC+}
rNeg     + . .     Faith    .   S - +2 plate armour {rC+}
rPois    +         Spirit   .   (helmet restricted)
rElec    .         Reflect  .   M - +2 cloak {rC+}
rCorr    .         Harm     .   y - +2 pair of gloves
MR       +....                  n - +2 pair of boots
Stlth    ..........             J - amulet "Xuikh" {Gourm rN+}
Regen    0.4/turn               b - ring of poison resistance {rPois, !d}
MPRegen  0.2/turn               k - ring of fire {rF+, rC-}

@: lethally poisoned (-2 -> -2)
A: retaliatory headbutt, horns 2
a: Berserk, Trog's Hand, Brothers in Arms, Burn Spellbooks, Renounce Religion


You were on level 4 of the Swamp.
You worshipped Trog.
Trog was exalted by your worship.
You were very full.

You visited 4 branches of the dungeon, and saw 27 of its levels.
You also visited: Sewer, Ossuary and Ice Cave.

You collected 3372 gold pieces.
You spent 356 gold pieces at shops.

Inventory:

Hand Weapons
 e - a +3 shortbow of freezing
   (Trog gifted it to you on level 2 of the Orcish Mines)
 i - a +7 broad axe of freezing
   (Trog gifted it to you on level 12 of the Dungeon)
 G - a +9 broad axe of electrocution (weapon)
   (Trog gifted it to you on level 5 of the Lair of Beasts)
 V - the +6 broad axe of Xikaserchea {venom, Int+3}
   (You found it on level 6 of the Lair of Beasts)

   It poisons the flesh of those it strikes.
   It affects your intelligence (+3).
Armour
 n - a +2 pair of boots (worn)
   (You found it on level 6 of the Lair of Beasts)
 y - a +2 pair of gloves (worn)
   (You found it on level 10 of the Dungeon)
 A - the +3 shield of the Jolly Orbs {rN+ Regen+ Str+3}
   (You found it on level 4 of the Dungeon)

   It affects your strength (+3).
   It protects you from negative energy.
   It increases your rate of regeneration.
 M - a +2 cloak of cold resistance (worn)
   (You found it in an ice cave)
 Q - a +2 large shield of cold resistance (worn)
   (You found it in an ice cave)
 S - a +2 plate armour of cold resistance (worn)
   (You took it off an orc warrior on level 10 of the Dungeon)
Jewellery
 b - a ring of poison resistance (left hand) {rPois, !d}
   (You took it off an orc on level 10 of the Dungeon)
 k - a ring of fire (right hand) {rF+, rC-}
   (You found it on level 3 of the Lair of Beasts)
 o - an uncursed ring of see invisible {sInv, !d}
   (You found it on level 2 of the Dungeon)
 E - an uncursed ring of positive energy {rN+}
   (You found it on level 7 of the Dungeon)
 I - a +2 ring of protection
   (You found it on level 7 of the Dungeon)
 J - the amulet "Xuikh" (around neck) {Gourm rN+}
   (You acquired it on level 13 of the Dungeon)

   [amulet of the gourmand]

   It allows you to eat raw meat even when not hungry.
   It protects you from negative energy.
Wands
 a - a wand of scattershot (6/9)
   (You found it on level 15 of the Dungeon)
 l - a wand of iceblast (7/15)
   (You acquired it on level 2 of the Orcish Mines)
 p - a wand of clouds (6/9)
   (You found it on level 2 of the Dungeon)
 F - a wand of digging (5/24)
   (You found it on level 2 of the Lair of Beasts)
 R - a wand of digging (16/24)
   (You found it on level 11 of the Dungeon)
Scrolls
 f - 15 scrolls of remove curse
 h - 7 scrolls of recharging
 r - 14 scrolls of teleportation
 t - 4 scrolls of fog
 T - 3 scrolls of fear
 U - 4 scrolls of blinking {!r}
Potions
 d - 5 potions of magic
 g - 4 potions of mutation {!q}
 j - 5 potions of berserk rage {!q}
 m - 8 potions of brilliance
 v - 10 potions of heal wounds
 w - 6 potions of flight
 x - 9 potions of curing
 z - 6 potions of agility
 B - 3 potions of haste
 C - 3 potions of lignification {!q}
 L - 2 potions of invisibility
 N - 6 potions of might
 P - 5 potions of resistance
 W - 2 potions of cancellation
Miscellaneous
 q - a sack of spiders
 D - a lamp of fire
   (You found it on level 13 of the Dungeon)
 H - a phantom mirror
 O - a phial of floods
   (You found it on level 14 of the Dungeon)
 X - a lamp of fire
   (You found it on level 14 of the Dungeon)
Comestibles
 c - 13 bread rations {@e1}
 s - 12 meat rations {@e2}
 u - 7 royal jellies
 Y - 6 fruits


   Skills:
 + Level 14.8 Fighting
 * Level 19.9 Axes
 + Level 13.9 Armour
 + Level 12.7 Dodging
 + Level 11.8 Shields
 - Level 7.0 Evocations


You had 15 spell levels left.
You didn't know any spells.

Dungeon Overview and Level Annotations

Branches:
Dungeon (15/15)            Temple (0/1) D:4            Lair (6/6) D:8
  Swamp (4/4) Lair:3       Spider (0/4) Lair:2        Slime (0/5) Lair:5
    Orc (2/2) D:12            Elf (0/3) Orc:2        Vaults (0/5) D:13
 Depths (0/5) D:15

Altars:
Ashenzari
Gozag
Kikubaaqudgha
Xom
Jiyva

Shops:
D:4 (   D:6 %   D:15 (   Orc:2 ?([=

Annotations:
D:7 exclusion: oklob plant
D:15 1 runed door


Innate Abilities, Weirdness & Mutations

You reflexively headbutt those who attack you in melee.
You have a pair of horns on your head.


Message History

The 11-headed hydra bites you but does no damage. x6
The 11-headed hydra closely misses you. You block the 11-headed hydra's attack.
The 11-headed hydra bites you!
The 11-headed hydra bites you but does no damage.
You block the 11-headed hydra's attack. The swamp dragon bites you.
The swamp dragon claws you but does no damage.
The swamp dragon tramples you but does no damage.
You take 10 damage, and have 90/147 hp.
You chop one of the 11-headed hydra's heads off!
The ten-headed hydra grows two more!
You slash the 12-headed hydra! You slash the swamp dragon!
Lightning courses through the swamp dragon!
You kill the swamp dragon!
Trog accepts your kill.
You hear a splash.
The swamp dragon scales are intact enough to wear.
You hit the swamp dragon but do no damage.
Something bites the plant but does no damage.
You block the swamp dragon's attack. x3
The 12-headed hydra bites you but does no damage. x2
The 12-headed hydra bites you!
The 12-headed hydra closely misses you. x2
The 12-headed hydra barely misses you. You block the 12-headed hydra's attack.
The 12-headed hydra bites you but does no damage.
The 12-headed hydra misses you. You block the 12-headed hydra's attack.
The 12-headed hydra closely misses you. x2
A tyrant leech comes into view.
You take 8 damage, and have 82/147 hp.
You slice one of the 12-headed hydra's heads off!
The 11-headed hydra grows two more!
You slice the 13-headed hydra!! You barely miss the eight-headed hydra.
You lop one of the five-headed hydra's heads off!
The four-headed hydra grows two more!
You slice the six-headed hydra!! You slash the swamp dragon!
You feel sick.
You block the eight-headed hydra's attack. x2
The eight-headed hydra barely misses you.
The eight-headed hydra bites you but does no damage.
You block the eight-headed hydra's attack.
The eight-headed hydra bites you but does no damage. x2
You block the eight-headed hydra's attack.
The six-headed hydra bites you but does no damage.
The six-headed hydra bites you!
The six-headed hydra bites you but does no damage.
The six-headed hydra barely misses you. The six-headed hydra misses you.
The six-headed hydra closely misses you.
You block the swamp dragon's attack.
The swamp dragon claws you but does no damage.
The swamp dragon tramples you but does no damage.
The 13-headed hydra bites you. You block the 13-headed hydra's attack.
The 13-headed hydra bites you but does no damage.
The 13-headed hydra barely misses you. You block the 13-headed hydra's attack.
The 13-headed hydra closely misses you.
The 13-headed hydra completely misses you.
The 13-headed hydra barely misses you. The 13-headed hydra bites you.
The 13-headed hydra bites you but does no damage.
The 13-headed hydra bites you!
The 13-headed hydra bites you but does no damage. x2
A spriggan druid comes into view. It is wielding a quarterstaff.
You take 22 damage, and have 60/147 hp.
You are too injured to fight recklessly!
You are too injured to fight recklessly!
You are too injured to fight recklessly!
You block the eight-headed hydra's attack. x2
The eight-headed hydra bites you. x2
The eight-headed hydra bites you but does no damage.
The eight-headed hydra misses you.
The eight-headed hydra bites you but does no damage. x2
The spriggan druid calls out to the beasts of the wild!
The swamp drake bites the plant.
A bog body comes into view.
Things that are here:
a vampire mosquito corpse x2
You take 6 damage, and have 54/147 hp.
A six-headed hydra comes into view.
You feel sick.
The six-headed hydra roars!
You block the tyrant leech's attack. The six-headed hydra bites you.
You block the six-headed hydra's attack.
The six-headed hydra barely misses you.
You block the six-headed hydra's attack.
The six-headed hydra bites you!
* * * LOW HITPOINT WARNING * * *
You block the six-headed hydra's attack.
There is a stone staircase leading up, spattered with blood here.
You take 13 damage, and have 41/147 hp.
The six-headed hydra bites you.
* * * LOW HITPOINT WARNING * * *
You block the six-headed hydra's attack.
The six-headed hydra bites you!
* * * LOW HITPOINT WARNING * * *
The six-headed hydra bites you but does no damage. x2
The six-headed hydra bites you.
* * * LOW HITPOINT WARNING * * *
The six-headed hydra bites you but does no damage.
You block the six-headed hydra's attack.
The six-headed hydra barely misses you. The six-headed hydra bites you!
* * * LOW HITPOINT WARNING * * *
The six-headed hydra bites you but does no damage.
You block the six-headed hydra's attack.
The tyrant leech bites you!!
You die...

. #≈( ≈ ♣#. ≈.≈(
≈≈ ♣♣≈####....
≈.D♣♣♣♣≈≈.≈≈....(
...≈≈...≈.P8.(.(.
≈≈≈≈≈...k.k.....≈
≈≈≈≈§.wDD#n...#
♣@DnD.# ♣≈D.D.P%#
♣..D..i≈...≈
♣♣♣≈#P8.(n8.
♣≈#≈....≈8
♣≈####+#n. ♣## (


You could see a 13-headed hydra, an eight-headed hydra, 4 six-headed hydras, 2
swamp dragons, a tyrant leech, a spriggan druid, 3 bog bodies and 2 swamp
drakes.

Vanquished Creatures
  A frost giant (IceCv)
  An orc warlord (Orc:2)
  An emperor scorpion (D:15)
  The ghost of hellotanjent the Fighter, a journeyman GrFi of Ashenzari (IceCv)
  A dire elephant (D:15)
  The ghost of Willow the Wallflower, a journeyman FoFi of Uskayaw (D:12)
  15 hydras
  A vault guard (D:13)
  5 centaur warriors
  11 two-headed ogres
  2 catoblepae
  3 ogre magi
  3 death yaks (Lair:6)
  A tengu warrior (D:15)
  A deep troll shaman (Lair:6)
  4 alligators
  Urug (D:10)
  A fire crab (Lair:3)
  An unseen horror (D:10)
  2 spriggan druids
  12 swamp dragons
  2 deep trolls (Orc:2)
  2 shambling mangroves (Swamp:2)
  Pikel (D:5)
  A deep elf archer (D:15)
  A lindwurm (Lair:6)
  An orc knight (Orc:2)
  An orange crystal statue (D:14)
  3 manticores
  A wolf spider (Lair:2)
  2 deep elf magi (D:13)
  5 cyclopes
  7 ugly things
  3 elephants (Lair:6)
  Psyche (D:8)
  Maurice (D:9)
  A gargoyle (D:10)
  20 spiny frogs
  2 torpor snails
  2 black mambas
  An ice statue (IceCv)
  2 efreet
  2 rime drakes
  6 komodo dragons
  4 freezing wraiths
  21 polar bears
  13 trolls
  5 tyrant leeches
  11 hornets
  19 blink frogs
  5 bog bodies
  4 hippogriffs
  2 slime creatures
  10 dream sheep
  2 wraiths
  Sigmund (D:3)
  A centaur simulacrum (D:15)
  11 spriggans
  A vampire (D:14)
  A shadow (Swamp:1)
  3 wyverns
  62 yaks
  A basilisk (Lair:6)
  2 water elementals (D:15)
  4 hungry ghosts
  A steam dragon (D:10)
  Grum (D:10)
  10 vampire mosquitoes
  5 wargs (Orc:2)
  An acid dragon (D:13)
  A soldier ant (D:14)
  14 swamp worms
  10 water moccasins
  A hell hound (D:8)
  5 porcupines
  16 orc warriors
  9 swamp drakes
  A slave (D:5)
  3 phantoms
  10 ice beasts
  5 sky beasts
  2 black bears
  2 necrophages
  3 eyes of draining
  A black bear (shapeshifter) (D:15)
  26 ogres
  23 wolves
  17 centaurs
  15 crocodiles
  5 big kobolds
  18 bullfrogs
  A wyvern zombie (D:12)
  A hornet simulacrum (D:14)
  2 scorpions
  20 killer bees
  7 wights
  5 howler monkeys
  7 electric eels
  3 crimson imps
  3 bullfrog zombies
  9 hounds
  9 jellies
  A quasit (D:10)
  A centaur zombie (D:10)
  4 centaur skeletons
  2 bullfrog skeletons
  16 orc priests
  21 orc wizards
  3 iguanas
  Ijyb (D:3)
  7 worker ants
  A bullfrog simulacrum (D:11)
  A mummy (Ossuary)
  A worker ant zombie (D:6)
  8 adders
  7 gnolls
  A howler monkey skeleton (D:7)
  2 river rats (D:3)
  4 shadow imps
  2 white imps (D:15)
  2 ufetubi (D:15)
  13 oozes
  2 adder skeletons
  5 worms
  3 dart slugs
  9 leopard geckos
  68 orcs
  8 bats
  6 giant cockroaches
  13 goblins
  7 hobgoblins
  10 jackals
  32 kobolds
  3 quokkas
  6 ball pythons
  6 frilled lizards
  7 gnoll skeletons (Ossuary)
  A jackal skeleton (D:3)
  8 kobold skeletons (Ossuary)
  A leopard gecko skeleton (D:5)
  10 orc skeletons (Ossuary)
  2 quokka skeletons
  12 rats
  6 fungi
  7 plants
922 creatures vanquished.

Vanquished Creatures (collateral kills)
  A hydra (Swamp:3)
  The ghost of easybake the Ruffian, a novice TrBe of Trog (D:8)
  A polar bear (IceCv)
  A water moccasin (D:8)
4 creatures vanquished.

Vanquished Creatures (others)
  A human (D:9)
  A killer bee (D:12)
  12 fungi
  4 plants
18 creatures vanquished.

Grand Total: 944 creatures vanquished

Notes
Turn   | Place    | Note
-------+----------+-------------------------------------------
     0 | D:1      | Firecrotchwizard the Minotaur Berserker began the quest for the Orb.
     0 | D:1      | Reached XP level 1. HP: 19/19 MP: 0/0
   131 | D:1      | Reached XP level 2. HP: 22/27 MP: 1/1
   433 | D:1      | Reached skill level 3 in Armour
   737 | D:1      | Reached XP level 3. HP: 33/33 MP: 2/2
  1007 | D:2      | HP: 2/33 [worm (12)]
  1010 | D:2      | Reached skill level 4 in Axes
  1355 | D:2      | Reached skill level 4 in Fighting
  1506 | D:2      | Reached ** piety under Trog
  1570 | D:2      | Reached XP level 4. HP: 32/40 MP: 3/3
  1810 | D:2      | Reached skill level 3 in Dodging
  2103 | D:3      | Noticed Ijyb
  2108 | D:3      | Killed Ijyb
  2126 | D:3      | Reached skill level 1 in Shields
  2216 | D:3      | Reached skill level 5 in Axes
  2216 | D:3      | Reached XP level 5. HP: 34/47 MP: 4/4
  2369 | D:3      | Found a glowing drain.
  2380 | D:3      | Reached *** piety under Trog
  2389 | Sewer    | Entered a sewer
  2414 | Sewer    | Reached skill level 2 in Shields
  2551 | Sewer    | Reached skill level 5 in Fighting
  2551 | Sewer    | Reached XP level 6. HP: 42/56 MP: 5/5
  2691 | Sewer    | Reached skill level 3 in Shields
  2692 | Sewer    | Reached skill level 6 in Axes
  2853 | D:3      | Found an opulent altar of Gozag.
  2866 | D:3      | Reached skill level 4 in Shields
  3004 | D:3      | Reached XP level 7. HP: 61/61 MP: 6/6
  3076 | D:3      | Reached **** piety under Trog
  3114 | D:3      | Noticed Sigmund
  3120 | D:3      | Killed Sigmund
  3188 | D:3      | Reached skill level 4 in Armour
  3273 | D:4      | Got a scorched shield
  3284 | D:4      | Identified the +3 shield of the Jolly Orbs {rN+ Regen+ Str+3} (You found it on level 4 of the Dungeon)
  3452 | D:4      | Reached skill level 6 in Fighting
  3452 | D:4      | Reached skill level 7 in Axes
  3730 | D:4      | You fall through a shaft for 2 floors!
  3809 | D:6      | Found Den Samn's Food Shoppe.
  3891 | D:6      | Reached XP level 8. HP: 70/70 MP: 7/7
  4015 | D:6      | Reached skill level 4 in Dodging
  4018 | D:6      | Reached skill level 8 in Axes
  4018 | D:6      | Reached skill level 5 in Shields
  4020 | D:6      | Reached skill level 5 in Armour
  4063 | D:5      | Entered Level 5 of the Dungeon
  4590 | D:5      | Noticed Pikel
  4623 | D:4      | Found a staircase to the Ecumenical Temple.
  4640 | D:4      | Reached skill level 9 in Axes
  4663 | D:4      | Found Sevur's Weapon Shoppe.
  4972 | D:5      | Killed Pikel
  4972 | D:5      | Reached skill level 7 in Fighting
  4972 | D:5      | Reached skill level 6 in Armour
  4972 | D:5      | Reached skill level 5 in Dodging
  4972 | D:5      | Reached skill level 6 in Shields
  4972 | D:5      | Reached XP level 9. HP: 69/79 MP: 8/8
  5938 | D:7      | Noticed an oklob plant
  5988 | D:7      | Reached skill level 10 in Axes
  6006 | D:7      | Reached ***** piety under Trog
  6111 | D:8      | Found a sand-covered staircase.
  6118 | Ossuary  | Entered an ossuary
  6302 | D:8      | Noticed Psyche
  6314 | D:8      | Killed Psyche
  6314 | D:8      | Reached skill level 8 in Fighting
  6314 | D:8      | Reached skill level 7 in Armour
  6314 | D:8      | Reached skill level 6 in Dodging
  6314 | D:8      | Reached skill level 7 in Shields
  6327 | D:8      | Identified a scroll of acquirement
  6395 | D:8      | Found a staircase to the Lair.
  6403 | D:8      | Reached XP level 10. HP: 75/88 MP: 9/9
  6563 | D:8      | Noticed easybake's ghost (novice TrBe)
  6571 | D:8      | Killed easybake's ghost
  6571 | D:8      | Reached skill level 11 in Axes
  6873 | D:8      | Got a fine scale mail
  6884 | D:8      | Identified the cursed +0 scale mail of Charity {+Inv Str+4 Dex+3} (You found it on level 8 of the Dungeon)
  7281 | D:9      | Noticed Maurice
  7286 | D:9      | Killed Maurice
  7331 | D:9      | Reached skill level 1 in Evocations
  7460 | D:9      | Found a shimmering altar of Xom.
  7586 | D:9      | Found an ancient bone altar of Kikubaaqudgha.
  7960 | D:9      | Reached skill level 9 in Fighting
  7960 | D:9      | Reached skill level 2 in Evocations
  7970 | D:9      | Reached skill level 12 in Axes
  8065 | D:10     | Entered Level 10 of the Dungeon
  8073 | D:10     | Noticed Grum
  8183 | D:10     | Killed Grum
  8368 | D:10     | Noticed Urug
  8399 | D:10     | Killed Urug
  8399 | D:10     | Reached skill level 3 in Evocations
  8463 | D:10     | Noticed an unseen horror
  8474 | D:10     | Killed an unseen horror
  8474 | D:10     | Reached XP level 11. HP: 99/99 MP: 12/12
  8634 | D:10     | Reached skill level 13 in Axes
  8909 | D:10     | Reached skill level 10 in Fighting
  8909 | D:10     | Reached skill level 4 in Evocations
  9007 | D:10     | Reached ****** piety under Trog
  9010 | D:10     | Received a gift from Trog
  9013 | D:10     | Got a brightly glowing battleaxe {god gift}
  9024 | D:10     | Identified the +5 battleaxe of Fundamental Breach {flame, rPois} (Trog gifted it to you on level 10 of the Dungeon)
  9308 | Lair:1   | Entered Level 1 of the Lair of Beasts
  9721 | Lair:1   | Reached skill level 8 in Armour
  9834 | Lair:1   | Reached skill level 7 in Dodging
  9840 | Lair:1   | Reached skill level 14 in Axes
 10357 | Lair:2   | Reached skill level 5 in Evocations
 10505 | Lair:2   | Found a hole to the Spider Nest.
 10505 | Lair:2   | Noticed a wolf spider
 10513 | Lair:2   | Killed a wolf spider
 10791 | Lair:2   | Noticed a seven-headed hydra
 10800 | Lair:2   | Killed a three-headed hydra
 10800 | Lair:2   | Reached XP level 12. HP: 76/108 MP: 14/14
 11189 | Lair:2   | Noticed a four-headed hydra
 11199 | Lair:2   | Killed a one-headed hydra
 11199 | Lair:2   | Reached skill level 11 in Fighting
 11199 | Lair:2   | Reached skill level 9 in Armour
 11427 | Lair:3   | Found a frozen archway.
 11442 | Lair:3   | Reached skill level 8 in Dodging
 11463 | IceCv    | Entered an ice cave
 11469 | IceCv    | Reached skill level 15 in Axes
 11558 | IceCv    | Reached skill level 6 in Evocations
 11584 | IceCv    | Noticed hellotanjent's ghost (journeyman GrFi)
 11603 | IceCv    | Killed hellotanjent's ghost
 12190 | IceCv    | Received a gift from Trog
 12311 | IceCv    | Noticed a frost giant
 12325 | IceCv    | Killed a frost giant
 12328 | IceCv    | Reached skill level 9 in Dodging
 12331 | IceCv    | Reached skill level 10 in Armour
 12331 | IceCv    | Reached XP level 13. HP: 43/117 MP: 16/16
 13788 | Lair:3   | Found a staircase to the Swamp.
 14098 | Lair:4   | Reached skill level 12 in Fighting
 14319 | Lair:4   | Reached skill level 16 in Axes
 14925 | Lair:5   | Found a staircase to the Slime Pits.
 14928 | Lair:5   | Found a viscous altar of Jiyva.
 14958 | Lair:5   | Reached skill level 7 in Evocations
 15058 | Lair:5   | Received a gift from Trog
 15671 | Lair:6   | Entered Level 6 of the Lair of Beasts
 15687 | Lair:6   | Got a faintly humming chain mail
 15698 | Lair:6   | Identified the +2 chain mail of Hangman {-Cast Regen+ Int+4} (You found it on level 6 of the Lair of Beasts)
 15990 | Lair:6   | Reached skill level 10 in Dodging
 16143 | Lair:6   | Got a shimmering broad axe
 16156 | Lair:6   | Identified the +6 broad axe of Xikaserchea {venom, Int+3} (You found it on level 6 of the Lair of Beasts)
 16370 | Lair:6   | Reached skill level 11 in Armour
 16370 | Lair:6   | Reached skill level 8 in Shields
 16648 | Lair:6   | Received a gift from Trog
 16689 | Lair:6   | Reached skill level 17 in Axes
 16698 | Lair:6   | Reached XP level 14. HP: 85/127 MP: 18/18
 17542 | D:11     | Reached skill level 13 in Fighting
 17715 | D:11     | Reached skill level 9 in Shields
 18105 | D:12     | Received a gift from Trog
 18125 | D:12     | Noticed Willow's ghost (journeyman FoFi)
 18142 | D:12     | Killed Willow's ghost
 18277 | D:12     | Received a gift from Trog
 18389 | D:12     | Found a staircase to the Orcish Mines.
 18466 | D:12     | Found an ancient bone altar of Kikubaaqudgha.
 18862 | D:13     | Reached skill level 11 in Dodging
 18874 | D:13     | Found a shattered altar of Ashenzari.
 19205 | D:13     | Got a serpentine ivory amulet
 19206 | D:13     | Identified the amulet "Xuikh" {Gourm rN+} (You acquired it on level 13 of the Dungeon)
 19241 | D:13     | Reached skill level 12 in Armour
 19549 | D:13     | Reached skill level 18 in Axes
 19578 | D:13     | Found a gate to the Vaults.
 19871 | D:14     | Received a gift from Trog
 20642 | D:14     | Lost intelligence.
 20867 | D:15     | Entered Level 15 of the Dungeon
 20931 | D:15     | Reached XP level 15. HP: 136/136 MP: 19/19
 21061 | D:15     | Found a runed door.
 21267 | D:15     | Found Siuculipt's Antique Weapon Boutique.
 21449 | D:15     | Reached skill level 10 in Shields
 21458 | D:15     | Found a staircase to the Depths.
 21738 | Orc:1    | Entered Level 1 of the Orcish Mines
 21980 | Orc:2    | Entered Level 2 of the Orcish Mines
 22023 | Orc:2    | Found Dusenoe's Antique Weapon Boutique.
 22037 | Orc:2    | Received a gift from Trog
 22041 | Orc:2    | Reached skill level 14 in Fighting
 22046 | Orc:2    | Reached skill level 13 in Armour
 22049 | Orc:2    | Reached skill level 19 in Axes
 22061 | Orc:2    | Found Vuplel Wuo's Jewellery Shop.
 22081 | Orc:2    | Found Ocoufog's Magic Scroll Emporium.
 22194 | Orc:2    | Noticed an orc warlord
 22218 | Orc:2    | Killed an orc warlord
 22218 | Orc:2    | Reached skill level 12 in Dodging
 22317 | Orc:2    | Found a staircase to the Elven Halls.
 22512 | Orc:2    | Received a gift from Trog
 22520 | Orc:2    | Found Pizaen's Armour Boutique.
 22523 | Orc:2    | Bought a scroll of blinking for 127 gold pieces
 22523 | Orc:2    | Bought a scroll of blinking for 127 gold pieces
 22523 | Orc:2    | Bought a scroll of teleportation for 51 gold pieces
 22523 | Orc:2    | Bought a scroll of teleportation for 51 gold pieces
 23077 | Swamp:1  | Entered Level 1 of the Swamp
 23586 | Swamp:1  | Reached skill level 11 in Shields
 24577 | Swamp:2  | Reached XP level 16. HP: 147/147 MP: 20/20
 25195 | Swamp:3  | Received a gift from Trog
 25900 | Swamp:4  | Entered Level 4 of the Swamp
 25927 | Swamp:4  | HP: 29/147 [six-headed hydra (8)]
 25927 | Swamp:4  | Slain by a tyrant leech

Vault maps used:
D:1:      dpeg_arrival_refuge
D:2:      minmay_tetromino_t2
D:3:      portal_sewer_entry_c, grunt_gozag_breadcrumbs, uniq_ijyb, uniq_sigmund
D:4:      temple_doors_cd, serial_shops, shop, hangedman_decor_riveting,
          minmay_misc_feat_plants, hangedman_abyss_or_decor_stabs
D:5:      first_bread, uniq_pikel
D:6:      serial_shops, shop_statue
D:7:      lemuel_slime, the_bakery, minmay_statues_item
D:8:      minmay_lair_entry_lava, nicolae_ossuary_entry_plus,
          minmay_misc_feat_tiny, uniq_psyche
D:9:      lemuel_coloured_pillars_altar, tgw_kikubaaqudgha, uniq_maurice
D:10:     kennysheep_six_static_rooms, minmay_misc_feat_alley, uniq_grum,
          uniq_urug
D:11:     minmay_bloctagon_deflated
D:12:     erik_orc_2, lemuel_tele_altar
D:13:     david_vaults_5, kennysheep_doodads, evilmike_ruin_ashenzari
D:14:     minmay_statue_hallways, serial_co_window_serial, co_window_paths_b,
          co_window_paths_a, co_window_paths_b, co_window_corner_a,
          co_window_paths_a, co_window_broadway_c, co_window_unsneaky_path_b,
          co_window_paths_c, co_window_2corner, co_window_2corner,
          co_window_cross_2, co_window_4corner_a, co_window_paths_e,
          glass_columns_a
D:15:     hangedman_depths_entry_try_elsewhere_first, serial_ice, serial_ice_i,
          serial_ice_a, serial_ice_f, serial_ice_h, nrook_pool_corridor,
          serial_shops, nicolae_shop_overgrown_old_shop, minmay_hidden_floor
Lair:2:   spider_nest_entry_rubble, bh_chokoban, minivault_25
Lair:3:   nicolae_swamp_entry_splash_gauntlet, portal_ice_cave_entry_ice_beasts,
          st_stairs_10, grunt_forest_stairs_clearing, infiniplex_staircase_pool
Lair:4:   statuecave_lemuel
Lair:5:   slime_altar_1
Lair:6:   grunt_lair_end_beastmaster, serial_bayou_shore_b
Swamp:1:  evilmike_swamp_ruin_house_4
Swamp:2:  nicolae_swamp_feature_on_the_river_bank
Swamp:3:  evilmike_swamp_ruin_house_5, st_swamp_mini
Swamp:4:  grunt_swamp_rune_castle
Orc:2:    st_orc_open
Sewer:    kennysheep_pipe_town
Ossuary:  ossuary_due_mausoleum
IceCv:    ice_cave_small_giant

Skill      XL: |  1  2  3  4  5  6  7  8  9 10 11 12 13 14 15 |
---------------+----------------------------------------------+-----
Armour         | 3 4 6 7 8 10 11 12 13 | 13.9
Axes           | 4 5 6 7 9 10 12 14 15 17 18 19 | 19.9
Fighting       | 4 5 6 7 8 9 10 11 12 13 14 | 14.8
Dodging        | 3 5 6 7 9 10 11 12 | 12.7
Shields        | 1 2 4 6 7 8 9 11 | 11.8
Evocations     | 3 5 6 7 |  7.0

Action                   |  1- 3 |  4- 6 |  7- 9 | 10-12 | 13-15 | 16-18 || total
-------------------------+-------+-------+-------+-------+-------+-------++-------
Melee: Hand axe          |    95 |     1 |       |       |       |       ||    96
       Headbutt          |    15 |    16 |    71 |   134 |   242 |    30 ||   508
       War axe           |       |   127 |   311 |   301 |       |       ||   739
       Battleaxe         |       |       |       |   280 |   288 |       ||   568
       Broad axe         |       |       |       |       |   676 |   117 ||   793
Throw: Tomahawk          |       |       |       |       |     5 |       ||     5
Invok: Trog's Hand       |       |       |     3 |     2 |     2 |       ||     7
       Burn Spellbooks   |       |       |     1 |       |     3 |       ||     4
       Brothers in Arms  |       |       |       |     2 |       |     2 ||     4
Evoke: Wand              |       |       |       |     1 |     2 |       ||     3
  Use: Scroll            |       |     2 |    12 |    11 |    24 |       ||    49
 Stab: Petrified         |       |       |       |       |     2 |       ||     2
       Distracted        |       |       |       |       |       |     1 ||     1
       Confused          |       |       |       |       |       |     1 ||     1
  Eat: Chunk             |     2 |     5 |    12 |    21 |    45 |     4 ||    89
       Fruit             |       |       |       |     2 |     4 |       ||     6
       Bread ration      |       |       |       |       |     1 |       ||     1
Armor: Animal skin       |     5 |       |       |       |       |       ||     5
       Ring mail         |    12 |    54 |    14 |       |       |       ||    80
       Chain mail        |       |       |    67 |    41 |    84 |       ||   192
       Plate armour      |       |       |       |   263 |   311 |   164 ||   738
Dodge: Dodged            |    55 |    89 |    85 |   226 |   381 |   105 ||   941
Block: Buckler           |       |    17 |     8 |       |       |       ||    25
       Shield            |       |       |   195 |   215 |   376 |       ||   786
       Large shield      |       |       |       |       |    74 |   202 ||   276

Vault maps used:
D:1:      dpeg_arrival_refuge
D:2:      minmay_tetromino_t2
D:3:      portal_sewer_entry_c, grunt_gozag_breadcrumbs, uniq_ijyb, uniq_sigmund
D:4:      temple_doors_cd, serial_shops, shop, hangedman_decor_riveting,
          minmay_misc_feat_plants, hangedman_abyss_or_decor_stabs
D:5:      first_bread, uniq_pikel
D:6:      serial_shops, shop_statue
D:7:      lemuel_slime, the_bakery, minmay_statues_item
D:8:      minmay_lair_entry_lava, nicolae_ossuary_entry_plus,
          minmay_misc_feat_tiny, uniq_psyche
D:9:      lemuel_coloured_pillars_altar, tgw_kikubaaqudgha, uniq_maurice
D:10:     kennysheep_six_static_rooms, minmay_misc_feat_alley, uniq_grum,
          uniq_urug
D:11:     minmay_bloctagon_deflated
D:12:     erik_orc_2, lemuel_tele_altar
D:13:     david_vaults_5, kennysheep_doodads, evilmike_ruin_ashenzari
D:14:     minmay_statue_hallways, serial_co_window_serial, co_window_paths_b,
          co_window_paths_a, co_window_paths_b, co_window_corner_a,
          co_window_paths_a, co_window_broadway_c, co_window_unsneaky_path_b,
          co_window_paths_c, co_window_2corner, co_window_2corner,
          co_window_cross_2, co_window_4corner_a, co_window_paths_e,
          glass_columns_a
D:15:     hangedman_depths_entry_try_elsewhere_first, serial_ice, serial_ice_i,
          serial_ice_a, serial_ice_f, serial_ice_h, nrook_pool_corridor,
          serial_shops, nicolae_shop_overgrown_old_shop, minmay_hidden_floor
Lair:2:   spider_nest_entry_rubble, bh_chokoban, minivault_25
Lair:3:   nicolae_swamp_entry_splash_gauntlet, portal_ice_cave_entry_ice_beasts,
          st_stairs_10, grunt_forest_stairs_clearing, infiniplex_staircase_pool
Lair:4:   statuecave_lemuel
Lair:5:   slime_altar_1
Lair:6:   grunt_lair_end_beastmaster, serial_bayou_shore_b
Swamp:1:  evilmike_swamp_ruin_house_4
Swamp:2:  nicolae_swamp_feature_on_the_river_bank
Swamp:3:  evilmike_swamp_ruin_house_5, st_swamp_mini
Swamp:4:  grunt_swamp_rune_castle
Orc:2:    st_orc_open
Sewer:    kennysheep_pipe_town
Ossuary:  ossuary_due_mausoleum
IceCv:    ice_cave_small_giant

Table legend:
 A = Turns spent in this place as a percentage of turns spent in the entire game.
 B = Non-inter-level travel turns spent in this place as a percentage of non-inter-level travel turns spent in the entire game.
 C = Inter-level travel turns spent in this place as a percentage of turns spent in this place.
 D = Turns resting spent in this place as a percentage of non-inter-level travel turns spent in this place.
 E = Turns spent auto-exploring this place as a percentage of non-inter-level travel turns spent in this place.
 F = Non-inter-level travel turns spent in this place divided by the number of levels of this place that you've seen.
                   A       B       C       D       E      F
               +-------+-------+-------+-------+-------+----------------------
         Total | 100.0 | 100.0 |   1.0 |   3.4 |  12.2 | 201.7
       Dungeon |  56.3 |  56.1 |   1.2 |   3.6 |  12.5 | 226.4
          Lair |  20.5 |  20.6 |   0.9 |   2.8 |  11.9 | 207.3
         Swamp |   9.7 |   9.7 |   0.5 |   3.9 |  13.4 | 147.2
  Orcish Mines |   5.8 |   5.8 |   1.1 |   1.1 |  11.1 | 175.0
         Sewer |   2.2 |   2.2 |   0.0 |   3.7 |  16.2 | 136.0
       Ossuary |   1.7 |   1.7 |   0.0 |   2.0 |  11.8 | 102.0
      Ice Cave |   3.8 |   3.9 |   0.0 |   6.0 |   5.6 | 234.0
               +-------+-------+-------+-------+-------+----------------------

Table legend:
 A = Kills in this place as a percentage of kills in entire the game.
 B = Kills by you in this place as a percentage of kills by you in the entire game.
 C = Kills by friends in this place as a percentage of kills by friends in the entire game.
 D = Other kills in this place as a percentage of other kills in the entire game.
 E = Experience gained in this place as a percentage of experience gained in the entire game.
 F = Experience gained in this place divided by the number of levels of this place that you have seen.
                   A       B       C       D       E      F
               +-------+-------+-------+-------+-------+----------------------
         Total | 100.0 | 100.0 | 100.0 | 100.0 | 100.0 | 5844.0
       Dungeon |  49.4 |  49.3 |  50.0 | 100.0 |  33.2 | 3877.2
          Lair |  19.6 |  19.7 |   0.0 |   0.0 |  26.0 | 7591.7
         Swamp |  10.0 |   9.9 |  25.0 |   0.0 |  21.8 | 9555.0
  Orcish Mines |  11.4 |  11.5 |   0.0 |   0.0 |  12.6 | 11065.0
         Sewer |   2.6 |   2.6 |   0.0 |   0.0 |   0.2 | 344.0
       Ossuary |   3.0 |   3.0 |   0.0 |   0.0 |   0.2 | 267.0
      Ice Cave |   4.1 |   4.0 |  25.0 |   0.0 |   6.1 | 10650.0
               +-------+-------+-------+-------+-------+----------------------
